 Dungeon Crawl Stone Soup version 0.25-a0-294-gea9b1ad378 (webtiles) character file.

Game seed: 2922325707933313040, levelgen mode: deterministic

25436 Mirvelgyr the Basher (level 13, -28/157 HPs)
             Began as a Human Fighter on Dec 18, 2019.
             Was an Elder of Okawaru.
             Annihilated by a stone giant (32 damage)
             ... in a volcano.
             The game lasted 01:07:41 (22717 turns).

Mirvelgyr the Basher (Human Fighter)               Turns: 22717, Time: 01:07:42

Health: -28/157    AC: 22    Str: 29    XL:     13   Next: 50%
Magic:  14/16      EV: 10    Int: 13    God:    Okawaru [****..]
Gold:   819        SH: 17    Dex: 11    Spells: 12/12 levels left

rFire    + . .     SeeInvis +   b - +0 flail
rCold    . . .     Gourm    .   c - +0 shield
rNeg     . . .     Faith    .   z - +0 plate armour
rPois    .         Spirit   .   t - +2 hat of the Rabble {Str+3 Int+4 Dex-2 SInv}
rElec    .         Reflect  +   J - +0 cloak
rCorr    .         Harm     .   (no gloves)
MR       +....                  e - +1 pair of boots
Stlth    ..........             d - +3 amulet of reflection
HPRegen  0.36/turn              O - ring of protection from magic
MPRegen  0.15/turn              g - ring of protection from fire

@: berserking (expiring), heroism, very quick
A: no striking features
a: Heroism, Renounce Religion


You were in a volcano.
You worshipped Okawaru.
Okawaru was greatly pleased with you.
You were not hungry.

You visited 3 branches of the dungeon, and saw 15 of its levels.
You also visited: Volcano.

You collected 819 gold pieces.

Inventory:

Hand Weapons
 a - a +0 hunting sling of velocity
 b - a +0 flail (weapon)
 n - a +6 great mace of venom
Missiles
 p - 299 stones (quivered)
Armour
 c - a +0 shield (worn)
 e - a +1 pair of boots (worn)
 t - the +2 hat of the Rabble (worn) {Str+3 Int+4 Dex-2 SInv}
   (Okawaru gifted it to you on level 2 of the Lair of Beasts)

   It affects your strength (+3).
   It affects your intelligence (+4).
   It affects your dexterity (-2).
   It lets you see invisible.
 x - a +1 helmet
 z - a +0 plate armour (worn)
 J - a +0 cloak (worn)
Jewellery
 d - a +3 amulet of reflection (around neck)
 g - a ring of protection from fire (right hand)
 y - an uncursed ring of poison resistance
 O - a ring of protection from magic (left hand)
Wands
 l - a wand of disintegration (21)
 s - a wand of iceblast (5)
 D - a wand of random effects (31)
 E - a wand of paralysis (5)
 I - a wand of acid (9)
 L - a wand of polymorph (8)
Scrolls
 i - 4 scrolls of remove curse
 A - 4 scrolls of fear
 C - a scroll of noise
 F - a scroll of blinking
 N - a scroll of amnesia
 P - a scroll of silence
Potions
 h - 2 potions of magic
 m - 3 potions of brilliance
 o - a potion of cancellation
 q - 3 potions of flight
 u - a potion of mutation {unknown}
 v - a potion of degeneration {unknown}
 w - a potion of lignification
 B - 2 potions of curing
 H - 2 potions of haste
 K - a potion of resistance {unknown}
 M - a potion of berserk rage
Comestibles
 f - 9 rations


   Skills:
 * Level 10.9(15.9) Fighting
 - Level 14.5(19.5) Maces & Flails
 + Level 9.0(14.0) Armour
 + Level 8.4(13.4) Shields
 + Level 4.7 Invocations


You had 12 spell levels left.
You didn't know any spells.
Your spell library was empty.

Dungeon Overview and Level Annotations

Branches:
Dungeon (10/15)            Temple (1/1) D:5            Lair (4/6) D:9
 Shoals (0/4) Lair:3       Spider (0/4) Lair:4          Orc (0/2) D:9
Volcano (1/1)

Altars:
Ashenzari
Cheibriados
Dithmenos
Elyvilon
Fedhas
Gozag
Hepliaklqana
Kikubaaqudgha
Makhleb
Nemelex Xobeh
Okawaru
Qazlal
Ru
Sif Muna
Trog
Uskayaw
Vehumet
Wu Jian
Xom
Yredelemnul
Zin
The Shining One

Annotations:
D:9 1 runed translucent door


Message History

The stone giant is moderately wounded.
The stone giant hits you!!
* * * LOW HITPOINT WARNING * * *
Your shield and plate armour prevent you from hitting the stone giant.
The stone giant is moderately wounded.
You sock the stone giant!
The stone giant is heavily wounded.
The stone giant hits you.
* * * LOW HITPOINT WARNING * * *
You hit the stone giant but do no damage.
The stone giant is heavily wounded.
You hit the stone giant but do no damage.
The stone giant is heavily wounded.
You block the stone giant's attack.
You bludgeon the stone giant!!
The stone giant is severely wounded.
You hit the stone giant.
The stone giant is severely wounded.
The stone giant hits you!!
You die...

§≈§≈§§§≈≈§§§§§≈§≈≈≈≈≈§≈≈≈≈§§≈§≈§≈
§≈≈≈≈≈§≈§§§≈≈≈§§§≈§≈§≈≈≈§≈≈≈≈§§≈≈
§≈§§§≈≈≈≈≈§≈≈≈§§≈≈≈≈≈≈≈≈≈≈≈§§ ≈§≈
≈≈≈ ≈§ ≈≈ ############
.'.....'... #C8_8.# #.@...#
###(### #.≈≈≈≈≈≈ #)# #.≈≈≈≈≈≈ #.#
#.≈≈≈≈≈≈ #.# #.≈§≈≈≈≈ #.#
#.≈§≈§≈≈ #.# #.≈≈≈§≈≈ #.#
#.§≈§≈§≈ #######'########.≈≈§≈≈§


You could see a stone giant.

Vanquished Creatures
  A dire elephant (Lair:2)
  Harold (Lair:1)
  A two-headed ogre (D:8)
  18 elephants
  Maurice (D:8)
  3 merfolk sirens (Lair:3)
  A molten gargoyle (Volcano)
  A gargoyle (Volcano)
  2 komodo dragons (Lair:2)
  An efreet (Volcano)
  3 spiny frogs (Lair:1)
  A merfolk (Lair:3)
  2 trolls
  Grinder (D:4)
  2 polar bears (Lair:4)
  4 blink frogs (Lair:2)
  5 hippogriffs
  A spriggan (Lair:2)
  6 yaks
  A vampire (D:10)
  A basilisk (Lair:1)
  2 fire elementals (Volcano)
  2 fire bats (Volcano)
  A hungry ghost (D:9)
  A two-headed ogre zombie (D:9)
  6 water moccasins
  7 porcupines
  An orc warrior (D:8)
  An ice beast (D:8)
  6 black bears
  2 sky beasts
  6 ogres
  3 phantoms (D:9)
  6 wolves (Lair:4)
  3 centaurs
  9 crocodiles
  2 big kobolds
  An earth elemental (Volcano)
  8 bullfrogs
  8 scorpions
  A troll zombie (D:9)
  7 wights
  6 howler monkeys
  7 crimson imps
  A quasit (D:8)
  5 lava snakes (Volcano)
  3 centaur zombies
  3 bullfrog zombies
  7 hounds
  2 jellies
  A gnoll shaman (D:5)
  14 orc priests
  12 orc wizards
  Terence (D:2)
  3 iguanas
  5 worker ants
  6 ogre zombies (D:9)
  2 hound skeletons
  A worker ant zombie (D:6)
  4 gnolls (D:5)
  A howler monkey skeleton (D:6)
  17 adders
  3 shadow imps
  2 oozes
  An adder skeleton (D:5)
  An adder zombie (D:5)
  3 worms
  4 dart slugs
  6 leopard geckos
  21 orcs
  A ball python (D:4)
  8 bats
  6 giant cockroaches
  6 goblins
  8 hobgoblins
  14 jackals
  7 quokkas
  2 frilled lizards (D:3)
  5 goblin skeletons (D:9)
  A goblin zombie (D:9)
  4 hobgoblin skeletons (D:9)
  3 hobgoblin zombies (D:9)
  15 kobolds
  2 leopard gecko skeletons (D:5)
  11 orc zombies (D:9)
  A quokka skeleton (D:4)
  4 rats
  2 fungi (D:9)
382 creatures vanquished.

Vanquished Creatures (others)
  A centaur (D:10)
  A howler monkey (D:10)
  A kobold (D:8)
  A bush (Lair:2)
  73 fungi
  8 plants
85 creatures vanquished.

Grand Total: 467 creatures vanquished

Notes
Turn   | Place    | Note
-------+----------+-------------------------------------------
     0 | D:1      | Mirvelgyr the Human Fighter began the quest for the Orb.
     0 | D:1      | Reached XP level 1. HP: 18/18 MP: 1/1
    77 | D:1      | Reached XP level 2. HP: 10/24 MP: 2/2
   337 | D:1      | Reached skill level 3 in Maces & Flails
   377 | D:1      | Reached XP level 3. HP: 29/29 MP: 3/3
   949 | D:2      | Reached skill level 4 in Maces & Flails
   949 | D:2      | Reached XP level 4. HP: 34/35 MP: 4/4
  1387 | D:2      | Reached XP level 5. HP: 28/41 MP: 5/5
  1710 | D:2      | Reached skill level 5 in Maces & Flails
  2115 | D:3      | Noticed Terence
  2148 | D:2      | Killed Terence
  2741 | D:3      | Reached XP level 6. HP: 46/47 MP: 6/6
  2866 | D:3      | Found a shattered altar of Ashenzari.
  2867 | D:3      | You fall into a shaft and drop 3 floors!
  3066 | D:7      | Reached skill level 6 in Maces & Flails
  3230 | D:7      | Reached skill level 7 in Maces & Flails
  3230 | D:7      | Reached XP level 7. HP: 12/52 MP: 7/7
  3573 | D:7      | Found a shimmering altar of Xom.
  3640 | D:7      | Found a stormy altar of Qazlal.
  3640 | D:7      | Found a blossoming altar of Fedhas.
  3640 | D:7      | Found an ancient bone altar of Kikubaaqudgha.
  3666 | D:6      | Found a bloodstained altar of Trog.
  4005 | D:6      | Found a blossoming altar of Fedhas.
  4039 | D:5      | Entered Level 5 of the Dungeon
  4042 | D:5      | Reached skill level 8 in Maces & Flails
  4567 | D:5      | Reached XP level 8. HP: 51/58 MP: 8/8
  4811 | D:4      | Found a hide-covered altar of Uskayaw.
  4811 | D:4      | Noticed a +0 hand axe
  4812 | D:4      | Noticed a +0 hand axe
  4818 | D:5      | Reached skill level 9 in Maces & Flails
  6147 | D:4      | Found a radiant altar of Vehumet.
  6236 | D:4      | Reached skill level 10 in Maces & Flails
  6453 | D:4      | Noticed Grinder
  6493 | D:4      | Killed Grinder
  6493 | D:4      | Reached XP level 9. HP: 39/63 MP: 9/9
  6660 | D:4      | HP: 3/63 [orc priest/nerve-wracking pain (9)]
  7450 | D:5      | Reached skill level 11 in Maces & Flails
  7941 | D:5      | Found a staircase to the Ecumenical Temple.
  7954 | Temple   | Entered the Ecumenical Temple
  8030 | Temple   | Became a worshipper of Warmaster Okawaru
  8584 | D:6      | Reached skill level 12 in Maces & Flails
  9271 | D:7      | Identified the cursed +1 falchion "Ahown" {antimagic, rElec
                  | rF+ Int+3}
  9300 | D:7      | HP: 3/63 [ogre/+0 giant spiked club (17)]
  9938 | D:7      | Identified a scroll of acquirement
  9984 | D:7      | Reached * piety under Okawaru
 10079 | D:7      | Reached XP level 10. HP: 53/70 MP: 10/10
 10328 | D:7      | Reached skill level 1 in Invocations
 10349 | D:8      | Noticed a two-headed ogre
 10383 | D:8      | Killed a two-headed ogre
 10383 | D:8      | Reached ** piety under Okawaru
 10757 | D:8      | Reached skill level 5 in Armour
 10967 | D:8      | Noticed Maurice
 10991 | D:8      | Killed Maurice
 11735 | D:9      | Reached *** piety under Okawaru
 11735 | D:9      | Reached skill level 13 in Maces & Flails
 12206 | D:9      | Reached XP level 11. HP: 75/78 MP: 13/13
 12250 | D:9      | Found a snail-covered altar of Cheibriados.
 12312 | D:9      | Found a burning altar of Makhleb.
 12643 | D:9      | Found a staircase to the Lair.
 12753 | D:9      | Reached skill level 14 in Maces & Flails
 13073 | D:9      | Found a runed translucent door.
 13073 | D:9      | Noticed a stone giant
 13073 | D:9      | Noticed a wolf spider
 13073 | D:9      | Noticed a wolf spider
 13075 | D:9      | Noticed a flayed ghost
 13075 | D:9      | Noticed a wolf spider
 13075 | D:9      | Noticed a harpy
 13075 | D:9      | Noticed a fire giant
 13075 | D:9      | Noticed an orc high priest
 13485 | D:9      | Reached **** piety under Okawaru
 13507 | D:9      | Found a staircase to the Orcish Mines.
 13912 | D:10     | Entered Level 10 of the Dungeon
 14881 | D:10     | Reached skill level 5 in Fighting
 15455 | Lair:1   | Entered Level 1 of the Lair of Beasts
 15724 | Lair:1   | Reached skill level 5 in Shields
 15902 | Lair:1   | Received a gift from Okawaru
 16751 | Lair:1   | Noticed Harold
 16756 | Lair:1   | Found a shimmering blue altar of Sif Muna.
 16790 | Lair:1   | Killed Harold
 16790 | Lair:1   | Reached ***** piety under Okawaru
 16790 | Lair:1   | Reached XP level 12. HP: 56/89 MP: 14/14
 18336 | Lair:2   | Received a gift from Okawaru
 18341 | Lair:2   | Got a crude hat {god gift}
 18352 | Lair:2   | Identified the +2 hat of the Rabble {Str+3 Int+4 Dex-2
                  | SInv} (Okawaru gifted it to you on level 2 of the Lair of
                  | Beasts)
 18498 | Lair:2   | Noticed a dire elephant
 18542 | Lair:2   | Killed a dire elephant
 19419 | Lair:2   | Reached XP level 13. HP: 17/102 MP: 8/15
 20414 | Lair:3   | Found a staircase to the Shoals.
 20455 | Lair:3   | Reached skill level 10 in Fighting
 21467 | Lair:4   | Found a dark tunnel.
 21475 | Volcano  | Entered a volcano
 22093 | Volcano  | Found a radiant altar of Vehumet.
 22698 | Volcano  | Noticed a stone giant
 22711 | Volcano  | HP: 7/157 [stone giant (19)]
 22713 | Volcano  | HP: 3/157 [stone giant (4)]
 22717 | Volcano  | Annihilated by a stone giant

Levels and vault maps discovered:
D:1:      mrwooster_arrival_statue_2, layout_rooms, minmay_misc_feat_tiny
D:2:      layout_loops_corners, ebering_dispersal_statue_hall,
          kennysheep_pointless_box
D:3:      layout_basic, evilmike_ruin_ashenzari, first_ration,
          hangedman_decor_opposing, uniq_terence
D:4:      layout_gridville, dancing_weapons_uskayaw,
          nicolae_overflow_crystal_walls, minmay_starry_boxes, uniq_grinder
D:5:      cheibrodos_barr_body, layout_loops_ring,
          minmay_temple_entry_antechambers, palyth_stone_intersect
D:6:      layout_cave_pools, trog_ov_bears_minmay, nicolae_ossuary_entry_ruins,
          fedhas_altar_3
D:7:      minmay_slanted_spiral_squares, layout_loops_ring,
          grunt_temple_overflow_open
D:8:      layout_loops_cross, roderic_roman_lattice, uniq_maurice
D:9:      minmay_gate_of_8, layout_gridville, minitemple,
          due_lair_maze_entry_diamond, zombieorc2_lemuel, grunt_ogre_cave
D:10:     layout_basic, eino_curves_02
Temple:   nicolae_temple_hex_pool
Lair:1:   layout_regular_city, basic_altar, grunt_megastairs_4, uniq_harold
Lair:2:   mu_elephants_graveyard, layout_chaotic_city, gauntlet_entry_generic,
          minivault_27
Lair:3:   layout_hall_layers, elwin_shoals_entry_stream,
          chequers_serial_rivers_large_a
Lair:4:   layout_loops_ring, nicolae_spider_entry_non_spiders,
          lightli_volcano_entry_magma_tube, basic_altar, st_stairs_10,
          beast_lair_carwin_6, lemuel_fruit_fields
Volcano:  volcano_lake [vl_original]

Skill      XL: |  1  2  3  4  5  6  7  8  9 10 11 12 13 |
---------------+----------------------------------------+-----
Maces & Flails | 3 4 5 7 8 10 12 13 14 | 14.5
Invocations    | 3 4 |  4.7
Armour         | 5 6 8 9 |  9.0
Fighting       | 4 6 9 10 | 10.9
Shields        | 4 5 7 8 |  8.4

Action                   |  1- 3 |  4- 6 |  7- 9 | 10-12 | 13-15 || total
-------------------------+-------+-------+-------+-------+-------++-------
Melee: Flail             |    98 |   177 |   495 |  1313 |   369 ||  2452
       Whip              |       |       |     8 |       |       ||     8
       Great mace        |       |       |    39 |     8 |       ||    47
 Fire: Shortbow          |       |       |    13 |       |       ||    13
       Hunting sling     |       |       |     8 |     4 |       ||    12
Invok: Heroism           |       |       |       |    14 |    11 ||    25
       Finesse           |       |       |       |     4 |     1 ||     5
Evoke: Wand              |       |       |       |     1 |       ||     1
  Use: Potion            |     1 |     2 |     4 |     5 |     9 ||    21
       Scroll            |       |     4 |    11 |    14 |     4 ||    33
  Eat: Chunk             |       |     8 |    12 |     7 |       ||    27
       Ration            |       |       |     5 |     7 |     2 ||    14
Armor: Scale mail        |    65 |    66 |   111 |       |       ||   242
       Chain mail        |       |       |   108 |       |       ||   108
       Plate armour      |       |       |    52 |   502 |   102 ||   656
       Skin              |       |       |       |    16 |    97 ||   113
Dodge: Dodged            |    29 |    42 |   140 |   124 |    48 ||   383
Block: Shield            |    57 |    86 |   222 |   648 |   243 ||  1256
       Reflection        |       |       |       |    26 |     2 ||    28

Table legend:
 A = Non-vault XP
 B = Vault XP
 C = Vault XP percentage of total XP
 D = Non-vault monster count
 E = Vault monster count
 F = Vault count percentage of total count
                 A         B        C        D         E       F
            +---------+---------+-------+---------+---------+-------
      Total |   16504 |   19834 |  54.6 |     270 |     113 |  29.5
            +---------+---------+-------+---------+---------+-------
        D:1 |      60 |       0 |   0.0 |      27 |       0 |   0.0
        D:2 |     130 |      38 |  22.6 |      22 |       1 |   4.3
        D:3 |      54 |      42 |  43.8 |      14 |       1 |   6.7
        D:4 |     561 |     299 |  34.8 |      23 |       3 |  11.5
        D:5 |    1029 |     113 |   9.9 |      32 |      10 |  23.8
        D:6 |     261 |     256 |  49.5 |      12 |       2 |  14.3
        D:7 |    1106 |     427 |  27.9 |      22 |       9 |  29.0
        D:8 |    2305 |     726 |  24.0 |      26 |       3 |  10.3
        D:9 |     835 |    1859 |  69.0 |      21 |      43 |  67.2
       D:10 |    1847 |       0 |   0.0 |      26 |       0 |   0.0
     Lair:1 |    2768 |    1150 |  29.4 |      15 |       2 |  11.8
     Lair:2 |    3854 |    7847 |  67.1 |      18 |      15 |  45.5
     Lair:3 |     887 |    1767 |  66.6 |       5 |       4 |  44.4
     Lair:4 |     807 |    3044 |  79.0 |       7 |       7 |  50.0
    Volcano |       0 |    2266 | 100.0 |       0 |      13 | 100.0
            +---------+---------+-------+---------+---------+-------
